 Dungeon Crawl Stone Soup version 0.28-a0-861-ge64d6db94f (webtiles) character file.

Game seed: 736616102941640870

3836 ytrimaz the Cleaver (level 9, -15/72 HPs)
             Began as a Demonspawn Berserker on Nov 15, 2021.
             Was a Priest of Trog.
             Demolished by Harold (17 damage)
             ... on level 9 of the Dungeon.
             The game lasted 00:10:15 (7759 turns).

ytrimaz the Cleaver (Demonspawn Berserker)          Turns: 7759, Time: 00:10:45

Health: -15/72     AC: 10    Str: 20    XL:     9   Next: 98%
Magic:  0/9        EV: 10    Int: 10    God:    Trog [***...]
Gold:   314        SH:  6    Dex: 12    Spells: 8/8 levels left

rFire   . . .      SeeInvis .   t - +0 war axe
rCold   . . .      Faith    .   r - +1 buckler
rNeg    . . .      Spirit   +   i - +0 chain mail
rPois   .          Reflect  .   (no helmet)
rElec   .          Harm     .   (no cloak)
rCorr   .          Rampage  .   (no gloves)
Will    ++...                   (no boots)
Stlth   ..........              g - amulet of regeneration
HPRegen 2.22/turn               (no ring)
MPRegen 0.22/turn               (no ring)

@: lethally poisoned (-15 -> -28), strong-willed, regenerating, studying Unarmed
Combat
A: repulsion field 1, powered by death 2, magic shield, magic regeneration
a: Renounce Religion, Berserk, Trog's Hand


You were on level 9 of the Dungeon.
You worshipped Trog.
Trog was most pleased with you.
You visited 1 branch of the dungeon, and saw 9 of its levels.

You collected 314 gold pieces.

Inventory:

Hand Weapons
 a - a +1 hand axe
 t - a +0 war axe (weapon)
Missiles
 b - 4 poisoned darts
 w - 4 boomerangs (quivered)
Armour
 i - a +0 chain mail (worn)
 r - a +1 buckler (worn)
Jewellery
 g - an amulet of regeneration (around neck)
 u - an amulet of magic regeneration
Wands
 j - a wand of acid (9)
 m - a wand of flame (68)
Scrolls
 h - a scroll of enchant weapon
 n - 2 scrolls of fog
 p - a scroll of teleportation
 s - a scroll of enchant armour
 x - a scroll of fear
Potions
 c - 4 potions of curing
 d - a potion of ambrosia {unknown}
 e - 2 potions of might
 f - 3 potions of attraction
 k - 5 potions of lignification
 l - a potion of brilliance {unknown}
 o - a potion of flight {unknown}
 q - 2 potions of cancellation {unknown}
 v - a potion of heal wounds {unknown}


   Skills:
 + Level 7.0 Fighting
 + Level 9.3 Axes
 + Level 6.7 Armour
 - Level 1.7 Dodging
 - Level 4.0 Shields


You had 8 spell levels left.
You didn't know any spells.
Your spell library was empty.

Dungeon Overview and Level Annotations

Branches:
Dungeon (9/15)             Temple (0/1) D:7
   Lair: D:8-11         Orc: D:9-12

Altars:
Dithmenos
Fedhas
Qazlal
Ru
Uskayaw
Xom

Shops:
D:5 *   D:7 :

Annotations:
D:9 Harold


Innate Abilities, Weirdness & Mutations

You are surrounded by a mild repulsion field. (EV +2)
You regenerate health from kills.
When hurt, damage is shared between your health and your magic reserves.
You regenerate magic rapidly.


Message History

The gnoll hits you from afar with a +2 spear of venom.
You are more poisoned.
The gnoll hits you from afar with a +0 halberd!
The gnoll hits you with a +0 spear.
The gnoll sergeant hits you from afar with a +2 trident of venom.
You are more poisoned.
Harold hits you with a +1 hand axe of freezing.
Harold freezes you.
You struggle against the net.
You feel extremely sick. The gnoll completely misses you.
The gnoll closely misses you. The gnoll hits you with a +0 spear!
The gnoll sergeant hits you from afar with a +2 trident of venom.
You are more poisoned.
Harold hits you with a +1 hand axe of freezing!
Harold freezes you.
You rip the net and break free!
You feel extremely sick. You block the gnoll's attack.
The gnoll closely misses you. The gnoll barely misses you.
The gnoll sergeant hits you from afar with a +2 trident of venom.
* * * LOW HITPOINT WARNING * * *
Harold hits you with a +1 hand axe of freezing.
* * * LOW HITPOINT WARNING * * *
Harold freezes you.
* * * LOW HITPOINT WARNING * * *
Your skin crawls.
You feel strong-willed.
* * * LOW HITPOINT WARNING * * *
You feel very sick. The gnoll completely misses you.
The gnoll closely misses you. The gnoll hits you with a +0 spear.
* * * LOW HITPOINT WARNING * * *
The gnoll hits you with a +0 flail.
* * * LOW HITPOINT WARNING * * *
The gnoll sergeant hits you from afar with a +2 trident of venom.
* * * LOW HITPOINT WARNING * * *
You are more poisoned.
Harold hits you with a +1 hand axe of freezing!!
You die...

#..^..# #.....# ###
#.....## ##<## #......##
#...#### #.......#
#######.###.###......###
.....[..........g.g.....
.....<..........@@g..)..
................g)......
..................g.....
........................
######.##.##.##.....###>
....###...#.....# ...##
##.##.....# ##
####.....#


You could see Harold, a gnoll sergeant and 4 gnolls.

Vanquished Creatures
  A troll (D:9)
  Grinder (D:3)
  The ghost of Strat the Magician, an amateur DjIE (D:3)
  A wyvern (D:8)
  A steam dragon (D:9)
  A water moccasin (D:8)
  2 orc warriors (D:8)
  An ice beast (D:6)
  3 ogres
  5 centaurs
  A kobold brigand (D:7)
  A wyvern zombie (D:8)
  5 scorpions
  A water moccasin skeleton (D:6)
  A water moccasin zombie (D:7)
  3 killer bees (D:8)
  7 howler monkeys
  2 centaur zombies (D:9)
  2 orc priests (D:2)
  6 hounds
  3 jellies
  A centaur skeleton (D:5)
  Jessica (D:3)
  A gnoll shaman (D:7)
  4 iguanas
  2 orc wizards
  A hound skeleton (D:4)
  A howler monkey skeleton (D:7)
  A howler monkey zombie (D:5)
  9 gnolls
  13 adders
  A white imp (D:6)
  An adder zombie (D:5)
  6 dart slugs
  20 orcs
  9 endoplasms
  6 giant cockroaches
  5 goblins
  6 hobgoblins
  3 jackals (D:3)
  6 quokkas
  4 ball pythons
  12 bats
  3 frilled lizards
  10 kobolds
  4 rats
179 creatures vanquished.

Vanquished Creatures (others)
  11 fungi (D:5)
  11 plants (D:4)
22 creatures vanquished.

Grand Total: 201 creatures vanquished

Notes
Turn   | Place    | Note
-------+----------+-------------------------------------------
     0 | D:1      | ytrimaz the Demonspawn Berserker began the quest for the
                  | Orb.
     0 | D:1      | Reached XP level 1. HP: 18/18 MP: 1/1
   510 | D:1      | Reached skill level 3 in Axes
   510 | D:1      | Gained mutation: You regenerate magic rapidly. [demonic
                  | ancestry]
   510 | D:1      | Reached XP level 2. HP: 21/24 MP: 2/2
  1068 | D:1      | Gained mutation: When hurt, damage is shared between your
                  | health and your magic reserves. [demonic ancestry]
  1068 | D:1      | Reached XP level 3. HP: 4/29 MP: 3/3
  1475 | D:1      | Reached ** piety under Trog
  1597 | D:1      | Found a faded altar of an unknown god.
  2133 | D:2      | Reached skill level 4 in Axes
  2133 | D:2      | Gained mutation: You regenerate a little health from kills.
                  | [demonic ancestry]
  2133 | D:2      | Reached XP level 4. HP: 18/36 MP: 1/4
  2252 | D:2      | You fall into a shaft and drop 2 floors!
  2368 | D:3      | Reached XP level 5. HP: 30/42 MP: 1/5
  2473 | D:3      | Noticed Jessica
  2475 | D:3      | Noticed Grinder
  2483 | D:3      | Killed Jessica
  2509 | D:3      | Paralysed by Grinder for 4 turns
  2513 | D:3      | Killed Grinder
  2514 | D:3      | Reached skill level 5 in Axes
  2514 | D:3      | Gained mutation: You are surrounded by a mild repulsion
                  | field. (EV +2) [demonic ancestry]
  2514 | D:3      | Reached XP level 6. HP: 16/48 MP: 1/6
  2656 | D:3      | Found a runed translucent door.
  2656 | D:3      | Noticed Strat's ghost (amateur DjIE)
  2896 | D:3      | Killed Strat's ghost
  2897 | D:3      | Reached XP level 7. HP: 55/55 MP: 7/7
  3381 | D:4      | Found a stormy altar of Qazlal.
  3381 | D:4      | Found a sacrificial altar of Ru.
  3385 | D:4      | Found the +6 Majin-Bo {vamp, MP+6 Int+6}
  3504 | D:4      | Reached skill level 6 in Axes
  3675 | D:4      | Reached skill level 5 in Fighting
  4221 | D:5      | Entered Level 5 of the Dungeon
  4481 | D:5      | Found Hoashik's CLEARANCE SALE!.
  4579 | D:5      | Reached XP level 8. HP: 50/62 MP: 6/8
  4635 | D:5      | Reached skill level 1 in Shields
  4796 | D:5      | Reached skill level 7 in Axes
  4849 | D:5      | Reached *** piety under Trog
  5420 | D:6      | You fall into a shaft and drop 2 floors!
  5540 | D:7      | Reached skill level 5 in Armour
  5658 | D:7      | Found Ystra's Book Shoppe.
  6084 | D:6      | Gained mutation: You regenerate health from kills. [demonic
                  | ancestry]
  6084 | D:6      | Reached XP level 9. HP: 54/69 MP: 4/9
  6087 | D:6      | Reached skill level 8 in Axes
  6338 | D:6      | Identified the +0 scale mail of the Sneaky Emperors {Dex+2}
  6469 | D:7      | Found a staircase to the Ecumenical Temple.
  6496 | D:7      | Found a hide-covered altar of Uskayaw.
  6497 | D:7      | Found a blossoming altar of Fedhas.
  6915 | D:7      | Found a shadowy altar of Dithmenos.
  7128 | D:8      | Found a shimmering altar of Xom.
  7147 | D:8      | Reached **** piety under Trog
  7316 | D:8      | Identified the +1 scale mail of Veucrul {rPois Will+ Str-5}
  7426 | D:8      | Reached skill level 9 in Axes
  7695 | D:9      | Noticed a troll
  7704 | D:9      | Killed a troll
  7749 | D:9      | Noticed Harold
  7759 | D:9      | HP: 2/72 [gnoll sergeant (5)]
  7759 | D:9      | Demolished by Harold

Illustrated notes

Levels and vault maps discovered:
D:1:      dpeg_arrival_leaves_temple_mockup, layout_basic,
          ebering_ecumenical_altar_hall, minmay_misc_feat_square,
          minmay_surrounded
D:2:      cheibrodos_pilgrimage, layout_loops_ring, basic_altar
D:3:      layout_rooms, hellmonk_ghost_happy_afterlife, uniq_grinder,
          uniq_jessica
D:4:      layout_layer_cave, gammafunk_temple_overflow_pools, hex_tiny,
          serial_bayou_lagoon_a
D:5:      old_forge, layout_basic, nicolae_shop_clearance
D:6:      layout_rooms, minmay_manual_mares
D:7:      layout_loops_ring, mainiacjoe_overflow_divided_tiny,
          grunt_dithmenos_smoke_and_mirrors, minmay_temple_entry_ruins,
          serial_shops, kennysheep_little_box, minmay_misc_feat_roman
D:8:      layout_gridville, dk_xom_monty_hall, minmay_misc_feat_room,
          grunt_decor_mini_mirrors
D:9:      layout_cross, uniq_harold

Skill      XL: |  1  2  3  4  5  6  7  8  9 |
---------------+----------------------------+-----
Axes           | 3 4 5 6 7 9 |  9.3
Armour         | 2 3 4 5 6 |  6.7
Fighting       | 4 5 6 7 |  7.0
Shields        | 3 4 |  4.0
Dodging        | |  1.7

Action                   |  1- 3 |  4- 6 |  7- 9 || total
-------------------------+-------+-------+-------++-------
Melee: Hand axe          |   108 |   122 |   225 ||   455
       War axe           |       |       |   305 ||   305
Throw: Dart              |       |     3 |       ||     3
Invok: Berserk           |     2 |     3 |     2 ||     7
       Trog's Hand       |       |     4 |    10 ||    14
  Use: Scroll            |     2 |     1 |    12 ||    15
       Potion            |       |     1 |       ||     1
 Stab: Sleeping          |     1 |       |       ||     1
Armor: Animal skin       |    19 |       |       ||    19
       Chain mail        |    13 |    83 |   280 ||   376
Dodge: Dodged            |    62 |    61 |   336 ||   459
Block: Buckler           |       |       |   132 ||   132

Table legend: (Time is in decaauts)
 A = Elapsed time spent in this place.
 B = Non-inter-level travel time spent in this place.
 C = Inter-level travel time spent in this place.
 D = Time resting spent in this place.
 E = Time spent auto-exploring this place.
 F = Levels seen in this place.
 G = Mean time per level.
                   A        B        C        D        E       F      G
               +--------+--------+--------+--------+--------+-----+--------+
         Total |   7879 |   7532 |    347 |    376 |   5520 |   9 |  875.4 |
       Dungeon |   7879 |   7532 |    347 |    376 |   5520 |   9 |  875.4 |
               +--------+--------+--------+--------+--------+-----+--------+

Top non-repeatable levels by time:
     D:1: 1941 daAuts
     D:4: 1324 daAuts
     D:5: 1153 daAuts
     D:7: 977 daAuts
     D:8: 721 daAuts
     D:3: 676 daAuts
     D:6: 667 daAuts
     D:2: 345 daAuts
     D:9: 70 daAuts
